 Dungeon Crawl Stone Soup version 0.29-a0-551-gffc1d7fb78 (webtiles) character file.

Game seed: 15016943167537453247

8129 NateTC the Severer (level 11, -16/94 HPs)
             Began as a Minotaur Fighter on June 5, 2022.
             Was a Believer of Ashenzari.
             Killed by refrigeration
             ... invoked by Fannar
              (27 damage)
             ... on level 10 of the Dungeon.
             The game lasted 00:14:19 (11772 turns).

NateTC the Severer (Minotaur Fighter)              Turns: 11772, Time: 00:14:20

Health: -16/94     AC: 11    Str: 31    XL:     11   Next: 5%
Magic:  10/10      EV: 10    Int:  5    God:    Ashenzari [**....]
Gold:   791        SH:  4    Dex: 10    Spells: 10/10 levels left

rFire   . . .      SeeInvis +   a - +0 war axe
rCold   . . .      Faith    .   c - +0 buckler "All-seeing Stoicism" {Melee, Range} (curse)
rNeg    . . .      Spirit   .   p - +0 scale mail of Ashenzari's Augurer {Bglg, Melee} (curse)
rPois   .          Reflect  .   (helmet restricted)
rElec   .          Harm     .   f - scarf "Eternal Vision" {repulsion, Elem, Melee} (curse)
rCorr   .          Rampage  .   h - +0 pair of gloves
Will    .....                   i - +0 pair of boots of the Gnostic Yoke {Elem, Melee} (curse)
Stlth   ..........              (no amulet)
HPRegen 0.25/turn               k - +6 ring of strength
MPRegen 0.12/turn               (no ring)

@: repel missiles
A: horns 2, retaliatory headbutt
a: Renounce Religion, Shatter the Chains


You were on level 10 of the Dungeon.
You worshipped Ashenzari.
Ashenzari was pleased with you.
You visited 2 branches of the dungeon, and saw 11 of its levels.

You collected 791 gold pieces.

Inventory:

Hand Weapons
 a - a +0 war axe (weapon)
 b - a +1 spear of venom
 n - the +2 hunting sling of Hell's Wrath {venom, Fly rC+ Dex+2}
   (You found it on level 2 of the Dungeon)

   Any ammunition fired from it poisons the flesh of those it strikes.
   Dex:       It affects your dexterity (+2).
   rC:        It protects you from cold.
   Fly:       It grants you flight.
Missiles
 D - 2 throwing nets (quivered)
Armour
 c - the cursed +0 buckler "All-seeing Stoicism" (worn) {Melee, Range}

   It has a curse which improves the following skills: Melee Combat: Short
   Blades, Long Blades, Axes, Maces & Flails, Polearms, Staves and Unarmed
   Combat.
   Ranged Combat: Slings, Bows, Crossbows and Throwing.
 f - the cursed scarf "Eternal Vision" (worn) {repulsion, Elem, Melee}
   (You found it on level 2 of the Dungeon)

   It has a curse which improves the following skills: Elements: Fire Magic, Ice
   Magic, Air Magic and Earth Magic.
   Melee Combat: Short Blades, Long Blades, Axes, Maces & Flails, Polearms,
   Staves and Unarmed Combat.
 h - a +0 pair of gloves (worn)
 i - the cursed +0 pair of boots of the Gnostic Yoke (worn) {Elem, Melee}
   (You found it on level 1 of the Dungeon)

   It has a curse which improves the following skills: Elements: Fire Magic, Ice
   Magic, Air Magic and Earth Magic.
   Melee Combat: Short Blades, Long Blades, Axes, Maces & Flails, Polearms,
   Staves and Unarmed Combat.
 p - the cursed +0 scale mail of Ashenzari's Augurer (worn) {Bglg, Melee}

   It has a curse which improves the following skills: Beguiling: Conjurations,
   Hexes and Translocations.
   Melee Combat: Short Blades, Long Blades, Axes, Maces & Flails, Polearms,
   Staves and Unarmed Combat.
Jewellery
 k - a +6 ring of strength (left hand)
Wands
 t - a wand of digging (12)
 w - a wand of acid (4)
 y - a wand of paralysis (1)
 B - a wand of polymorph (6)
Scrolls
 e - a scroll of blinking
 s - 4 scrolls of poison
 x - a scroll of fear
 z - 2 scrolls of enchant weapon
 C - a scroll of amnesia
Potions
 d - a potion of magic
 g - a potion of heal wounds
 j - 2 potions of resistance
 l - 5 potions of mutation
 m - 4 potions of degeneration
 o - a potion of haste
 q - a potion of flight
 r - a potion of attraction
 u - 4 potions of brilliance
 v - 2 potions of curing
 A - a potion of invisibility


   Skills:
 - Level 8.2 Fighting
 * Level 16.5(19.4) Axes
 + Level 10.0 Armour
 - Level 3.6 Shields


You had 10 spell levels left.
You didn't know any spells.
Your spell library contained the following spells:

 Spells                   Type           Power      Damage    Failure   Level
 Static Discharge         Conj/Air       0%         N/A       87%         2
 Sublimation of Blood     Necr           0%         N/A       88%         2
 Wereblood                Tmut           0%         N/A       88%         2
 Tukima's Dance           Hex            0%         N/A       98%         3
 Animate Dead             Necr           0%         N/A       100%        4
 Dispel Undead            Necr           0%         3d6       100%        4
 Passage of Golubria      Tloc           0%         N/A       100%        4
 Sticky Flame             Conj/Fire      0%         2d3       100%        4
 Summon Lightning Spire   Summ/Air       0%         N/A       100%        4
 Yara's Violent Unravell  Hex/Tmut       0%         3d3       100%        5
 Haunt                    Necr/Summ      0%         N/A       100%        7
 Storm Form               Tmut/Air       0%         N/A       100%        7
 Summon Hydra             Summ           0%         N/A       100%        7
 Infestation              Necr           0%         N/A       100%        8
 Maxwell's Capacitive Co  Air            0%         ∞         100%        8


Dungeon Overview and Level Annotations

Branches:
Dungeon (10/15)            Temple (1/1) D:6
   Lair: D:8-11         Orc: D:9-12

Altars:
Ashenzari
Cheibriados
Dithmenos
Elyvilon
Fedhas
Gozag
Hepliaklqana
Kikubaaqudgha
Makhleb
Nemelex Xobeh
Okawaru
Qazlal
Ru
Sif Muna
Trog
Uskayaw
Vehumet
Wu Jian
Xom
Yredelemnul
Zin
The Shining One

Shops:
D:7 (   D:9 :

Annotations:
D:10 Fannar


Innate Abilities, Weirdness & Mutations

You have a pair of horns on your head.
You reflexively headbutt those who attack you in melee.


Message History

You slash Fannar!
Fannar is lightly wounded.
You closely miss Fannar.
Fannar is lightly wounded.
Fannar mumbles some strange words.
Fannar drains the heat from the surrounding environment!
You closely miss Fannar.
Fannar is lightly wounded.
You block Fannar's attack.
You miss Fannar.
Fannar is lightly wounded.
You miss Fannar. Your headbutt misses Fannar.
Fannar is lightly wounded.
Fannar hits you with a +0 quarterstaff of freezing.
Fannar freezes you.
You hit Fannar but do no damage.
Fannar is lightly wounded.
Fannar hits you with a +0 quarterstaff of freezing.
Fannar freezes you.
You closely miss Fannar.
Fannar is lightly wounded.
Fannar hits you with a +0 quarterstaff of freezing.
Fannar freezes you.
You closely miss Fannar. Your headbutt misses Fannar.
Fannar is lightly wounded.
You hit Fannar but do no damage.
Fannar is lightly wounded.
Fannar hits you but does no damage.
You slice Fannar!!
Fannar is moderately wounded.
Fannar glares icily.
Fannar gestures wildly while chanting.
You slash Fannar!
Fannar is heavily wounded.
Fannar gestures wildly while chanting.
Fannar drains the heat from the surrounding environment!
* * * LOW HITPOINT WARNING * * *
Fannar casts a spell.
Fannar drains the heat from the surrounding environment!
You die...

.........# #.# #....#.# #..#...#
###..###.####.###....#.#*#.......
###..# #.#.......................
.....# #......####...#.###..#...#
###..###......####.#.#........>.#
............)....#...............
###...#..........#....####..#...#
.......................###..#...#
###.#.#.........@#...#..........#
..............<.^................
.........####.####...#..##..#....
###.#.#### #.# #.Y..##.. #...#
.,* #. #.# #..e.##... #...# .. ,#
#.# #....##.... #...# .. #.#
#....##....##.... **
#.#*#....####........ #..
................#


You could see Fannar and an ice beast (summoned).

Vanquished Creatures
  Harold (D:9)
  A two-headed ogre (D:9)
  Pikel (D:9)
  Joseph (D:7)
  An unseen horror (D:9)
  A gargoyle (D:10)
  Psyche (D:10)
  2 trolls (D:10)
  Prince Ribbit (D:7)
  A wyvern (D:9)
  2 steam dragons (D:7)
  Grum (D:10)
  3 water moccasins
  2 orc warriors
  2 ice beasts
  3 black bears
  2 ogres (D:6)
  3 sky beasts
  4 centaurs
  3 wolves (D:10)
  2 lemures (D:9)
  A phantom (D:6)
  A kobold brigand (D:6)
  A necrophage (D:7)
  4 bullfrogs
  2 gnoll sergeants
  5 wights (D:8)
  10 killer bees
  3 jellies
  7 orc priests
  2 hounds (D:6)
  2 gnoll shamans
  An iguana (D:3)
  6 orc wizards
  Natasha (D:3)
  20 gnolls
  6 adders
  2 shadow imps
  A white imp (D:5)
  3 dart slugs
  2 worms
  28 orcs
  4 endoplasms
  8 giant cockroaches
  4 goblins
  6 hobgoblins
  12 jackals
  A quokka (D:4)
  5 ball pythons
  5 bats
  3 frilled lizards
  8 kobolds
  A rat (D:1)
203 creatures vanquished.

Vanquished Creatures (others)
  3 plants
3 creatures vanquished.

Grand Total: 206 creatures vanquished

Notes
Turn   | Place    | Note
-------+----------+-------------------------------------------
     0 | D:1      | NateTC the Minotaur Fighter began the quest for the Orb.
     0 | D:1      | Reached XP level 1. HP: 19/19 MP: 0/0
   210 | D:1      | Reached skill level 3 in Axes
   213 | D:1      | Reached XP level 2. HP: 14/27 MP: 1/1
   431 | D:1      | Found a faded altar of an unknown god.
  1333 | D:2      | Reached XP level 3. HP: 13/33 MP: 2/2
  1337 | D:2      | Reached skill level 4 in Axes
  1560 | D:2      | Identified the +2 hunting sling of Hell's Wrath {venom, Fly
                  | rC+ Dex+2}
  1660 | D:2      | Reached XP level 4. HP: 36/41 MP: 3/3
  2131 | D:3      | Noticed Natasha
  2138 | D:3      | Killed Natasha
  2139 | D:3      | Reached skill level 5 in Axes
  2281 | D:3      | Found a shimmering blue altar of Sif Muna.
  2425 | D:3      | Reached XP level 5. HP: 47/47 MP: 4/4
  2811 | D:3      | Reached skill level 5 in Fighting
  3385 | D:4      | Reached skill level 6 in Axes
  3688 | D:4      | Reached XP level 6. HP: 43/56 MP: 5/5
  3842 | D:5      | Entered Level 5 of the Dungeon
  3938 | D:5      | Reached skill level 7 in Axes
  4393 | D:5      | Found a hazy altar of Hepliaklqana.
  4405 | D:5      | Reached XP level 7. HP: 42/63 MP: 6/6
  4940 | D:6      | Reached skill level 8 in Axes
  5317 | D:6      | Found a staircase to the Ecumenical Temple.
  5330 | D:6      | Reached skill level 9 in Axes
  5333 | Temple   | Entered the Ecumenical Temple
  5512 | Temple   | Became a worshipper of Ashenzari the Shackled
  5611 | D:6      | Reached XP level 8. HP: 59/73 MP: 7/7
  5613 | D:6      | Reached skill level 10 in Axes
  6766 | D:6      | Found a shadowy altar of Dithmenos.
  6772 | D:6      | Reached skill level 11 in Axes
  6805 | D:6      | Found a large runed translucent door.
  6806 | D:6      | Found a large runed translucent door.
  7026 | D:6      | Found a glowing silver altar of Zin.
  7036 | D:6      | Found a snail-covered altar of Cheibriados.
  7421 | D:7      | Reached XP level 9. HP: 39/81 MP: 8/8
  7665 | D:7      | Found Xeics's Antique Weapon Emporium.
  7678 | D:7      | Reached skill level 5 in Armour
  7731 | D:7      | Noticed Joseph
  7731 | D:7      | You fall into a shaft and drop 3 floors!
  7731 | D:10     | Entered Level 10 of the Dungeon
  7739 | D:10     | Noticed a troll
  7746 | D:10     | Killed a troll
  7747 | D:10     | Reached skill level 12 in Axes
  7857 | D:10     | Noticed a troll
  7872 | D:10     | Killed a troll
  8227 | D:7      | Killed Joseph
  8228 | D:7      | Reached skill level 13 in Axes
  8404 | D:7      | Noticed Prince Ribbit
  8424 | D:7      | Killed Prince Ribbit
  8742 | D:7      | Reached * piety under Ashenzari
  8752 | D:7      | Identified the +7 dagger of Prudence {holy, Str+5}
  8948 | D:8      | Reached skill level 14 in Axes
  8948 | D:8      | Found a sacrificial altar of Ru.
  8973 | D:8      | Reached XP level 10. HP: 55/84 MP: 9/9
  9939 | D:9      | Reached ** piety under Ashenzari
 10217 | D:9      | Noticed Harold
 10231 | D:9      | Killed Harold
 10232 | D:9      | Reached skill level 15 in Axes
 10615 | D:9      | Found Ciwnemn's Book Shoppe.
 10617 | D:9      | Noticed Pikel
 10626 | D:9      | Killed Pikel
 10789 | D:9      | Noticed a two-headed ogre
 10795 | D:9      | Killed a two-headed ogre
 10889 | D:9      | Reached skill level 16 in Axes
 11322 | D:10     | Noticed Grum
 11331 | D:10     | Killed Grum
 11557 | D:10     | Noticed a gargoyle
 11566 | D:10     | Killed a gargoyle
 11567 | D:10     | Reached XP level 11. HP: 72/94 MP: 10/10
 11654 | D:10     | Noticed Psyche
 11659 | D:10     | Killed Psyche
 11660 | D:10     | Reached skill level 10 in Armour
 11756 | D:10     | Noticed Fannar
 11772 | D:10     | Killed from afar by Fannar

Illustrated notes

Levels and vault maps discovered:
D:1:      dpeg_arrival_boxes_within_box, layout_basic, basic_ecumenical_altar
D:2:      layout_loops_ring, minivault_24
D:3:      layout_basic, amcnicky_altar_gilded, moated_statue, uniq_natasha
D:4:      layout_loops_ring
D:5:      layout_loops_ring, nicolae_hepliaklqana_hazy_memory,
          grunt_decor_fettered
D:6:      layout_layer_cave, jmf_multi_god_temple2, grunt_dithmenos_shadows,
          minmay_temple_entry_waves, nicolae_grassy_gnolls
D:7:      layout_basic, serial_shops, nicolae_shop_behind_doors,
          grunt_ministairs_15, uniq_joseph, uniq_prince_ribbit1
D:8:      layout_loops_cross, nicolae_ru_great_annihilating_truth,
          kennysheep_generic_room_15
D:9:      layout_irregular_city, serial_shops, nicolae_shop_trees, hex_tiny,
          uniq_pikel, uniq_harold
D:10:     layout_basic, erik_lair_dragon, kennysheep_just_a_vault, uniq_grum,
          uniq_nergalle, uniq_fannar, uniq_psyche
Temple:   nicolae_temple_elliptical

Skill      XL: |  1  2  3  4  5  6  7  8  9 10 11 |
---------------+----------------------------------+-----
Axes           | 3 4 5 6 7 9 11 14 16 | 16.5
Fighting       | 4 5 6 7 8 |  8.2
Armour         | 4 7 9 10 | 10.0
Shields        | |  3.6

Action                   |  1- 3 |  4- 6 |  7- 9 | 10-12 || total
-------------------------+-------+-------+-------+-------++-------
Melee: War axe           |    59 |   107 |   173 |   141 ||   480
       Headbutt          |     8 |    14 |    31 |    18 ||    71
Invok: Curse Item        |       |       |     2 |     2 ||     4
Evoke: Wand              |       |       |     2 |       ||     2
  Use: Scroll            |     5 |     4 |     2 |       ||    11
       Potion            |       |       |     5 |     1 ||     6
 Stab: Invisible         |       |       |     1 |       ||     1
       Paralysed         |       |       |       |     1 ||     1
Armor: Scale mail        |    34 |    65 |    93 |    56 ||   248
Dodge: Dodged            |    31 |    60 |    92 |    64 ||   247
       Repelled          |       |     2 |     2 |       ||     4
Block: Buckler           |    30 |    25 |    37 |    35 ||   127

Table legend: (Time is in decaauts)
 A = Elapsed time spent in this place.
 B = Non-inter-level travel time spent in this place.
 C = Inter-level travel time spent in this place.
 D = Time resting spent in this place.
 E = Time spent auto-exploring this place.
 F = Levels seen in this place.
 G = Mean time per level.
                   A        B        C        D        E       F      G
               +--------+--------+--------+--------+--------+-----+--------+
         Total |  11778 |  11350 |    428 |   3956 |   5564 |  11 | 1070.7 |
       Dungeon |  11591 |  11188 |    403 |   3956 |   5419 |  10 | 1159.1 |
        Temple |    186 |    161 |     25 |      0 |    145 |   1 |  186.0 |
               +--------+--------+--------+--------+--------+-----+--------+

Top non-repeatable levels by time:
     D:6: 2046 daAuts
     D:1: 1238 daAuts
     D:9: 1178 daAuts
     D:7: 1156 daAuts
     D:8: 1112 daAuts
    D:10: 1109 daAuts
     D:5: 1097 daAuts
     D:4: 932 daAuts
     D:2: 918 daAuts
     D:3: 800 daAuts
  Temple: 186 daAuts
